 Dungeon Crawl Stone Soup version 0.23.0-3-gf3c87f2 (webtiles) character file.

Game seed: 1571686946264415258

506 redwoodhats the Conjurer (level 6, -2/47 HPs)
             Began as a Draconian Conjurer on Feb 19, 2019.
             Killed by nerve-wracking pain
             ... invoked by Grinder
              (3 damage)
             ... on level 5 of the Dungeon on Feb 21, 2019.
             The game lasted 00:34:59 (6044 turns).

redwoodhats the Conjurer (Draconian Conjurer)       Turns: 6044, Time: 00:35:00

Health: -2/47      AC:  8    Str: 10    XL:     6   Next: 97%
Magic:  0/10       EV: 13    Int: 17    God:
Gold:   249        SH:  0    Dex: 12    Spells: 7/11 levels left

rFire    . . .     SeeInvis .   q - +2 falchion (slice)
rCold    . . .     Gourm    .   (no shield)
rNeg     . . .     Faith    .   (armour unavailable)
rPois    .         Spirit   .   (helmet restricted)
rElec    .         Reflect  .   l - +1 cloak
rCorr    .         Harm     .   (no gloves)
MR       .....                  (no boots)
Stlth    ++........             (no amulet)
HPRegen  0.15/turn              (no ring)
MPRegen  0.12/turn              (no ring)

@: very slightly contaminated
A: unfitting armour, cold-blooded, AC +6
a: no special abilities


You were on level 5 of the Dungeon.
You were not hungry.

You visited 1 branch of the dungeon, and saw 5 of its levels.
You also visited: Sewer.

You collected 249 gold pieces.

Inventory:

Hand Weapons
 a - a +1 short sword
 d - a +0 rapier
 e - a -2 mace
 f - a +1 dagger of electrocution
 q - a +2 falchion of slicing (weapon)
Armour
 l - a +1 cloak (worn)
Wands
 n - a wand of iceblast (11)
Scrolls
 c - 2 scrolls of identify
 g - 3 scrolls of remove curse
 j - a scroll of fog
 k - 5 scrolls of teleportation
 o - a scroll of noise
 p - 3 scrolls of magic mapping
Potions
 h - 2 potions of magic
 i - a potion of haste
 s - a potion of heal wounds
Comestibles
 b - 3 rations


   Skills:
 + Level 1.4 Fighting
 + Level 1.8(2.2) Short Blades
 + Level 2.0(2.3) Long Blades
 + Level 0.9 Maces & Flails
 + Level 2.9 Dodging
 + Level 3.0 Stealth
 + Level 3.2 Spellcasting
 + Level 5.6 Conjurations
 + Level 0.8 Hexes


You had 7 spell levels left.
You knew the following spells:

 Your Spells              Type           Power        Failure   Level  Hunger
a - Magic Dart            Conj           ###.         1%          1    None
b - Dazzling Spray        Conj/Hex       ##....       14%         3    ###....

Your spell library contained the following spells:

 Spells                   Type           Power        Failure   Level  Hunger
 Searing Ray              Conj           ###...       2%          2    ##.....
 Iskenderun's Mystic Bla  Conj           ###.....     17%         4    ####...
 Fulminant Prism          Conj/Hex       ##........   41%         4    ####...
 Force Lance              Conj/Tloc      ##......     47%         4    ####...


Dungeon Overview and Level Annotations

Branches:
Dungeon (5/15)
 Temple: D:4-7

Altars:
Fedhas
Qazlal
Uskayaw

Annotations:
D:5 Grinder


Innate Abilities, Weirdness & Mutations

Your plain brown scales are hard. (AC +6)
You cannot fit into any form of body armour.
You are cold-blooded and may be slowed by cold attacks.


Message History

* * * LOW HITPOINT WARNING * * *
Casting: Dazzling Spray (safe; 14% risk of failure)
Confirm with . or Enter, or press ? or * to list all spells.
Aiming: Dazzling Spray (safe; 14% risk of failure)
Press: ? - help, Shift-Dir - straight line, p - Grinder You miscast Dazzling Spray.
You smell something strange.
The scorpion closely misses you.
You riposte.
You hit the scorpion but do no damage.
The scorpion is heavily wounded.
Grinder hits you.
* * * LOW HITPOINT WARNING * * *
You writhe in agony.
* * * LOW HITPOINT WARNING * * *
You barely miss the scorpion. You tail-slap the scorpion.
The scorpion is severely wounded.
The scorpion stings you.
* * * LOW HITPOINT WARNING * * *
Grinder gestures at you. Pain shoots through your body!
You die...

. ### .. ##.#####...
######...)......
###...#...5.$.....
#..(.....#@s......
###..##......._...
#########..#............
≈≈≈≈≈≈≈≈......##.......#
≈≈≈.≈≈≈≈.....###........
≈≈≈≈≈≈≈≈.##..###........
##########..............
#.#####............).
####......#.........


You could see Grinder and a scorpion.

Vanquished Creatures
  A phantom (D:4)
  2 bullfrogs (Sewer)
  A worker ant (D:4)
  4 gnolls (D:4)
  3 river rats (Sewer)
  5 adders
  2 oozes (D:2)
  A worm (D:3)
  A dart slug (D:1)
  12 leopard geckos
  8 orcs
  7 giant cockroaches
  6 goblins
  9 hobgoblins
  6 jackals
  A quokka (D:4)
  15 ball pythons
  11 bats
  3 frilled lizards
  7 kobolds
  A quokka skeleton (D:4)
  26 rats
132 creatures vanquished.

Notes
Turn   | Place    | Note
-------+----------+-------------------------------------------
     0 | D:1      | redwoodhats the Draconian Conjurer began the quest for the
                  | Orb.
     0 | D:1      | Reached XP level 1. HP: 14/14 MP: 3/3
   517 | D:1      | Reached XP level 2. HP: 13/20 MP: 0/5
   801 | D:1      | Upgraded the game from 0.23.0-2-g0fe3ce5 to
                  | 0.23.0-3-gf3c87f2
  1206 | D:1      | Reached XP level 3. HP: 26/26 MP: 1/6
  1565 | D:1      | Learned a level 3 spell: Dazzling Spray
  1904 | D:2      | Reached skill level 5 in Conjurations
  1908 | D:2      | Reached XP level 4. HP: 28/34 MP: 3/7
  2678 | D:3      | Reached skill level 1 in Short Blades
  3120 | D:3      | Found a hide-covered altar of Uskayaw.
  3120 | D:3      | Found a stormy altar of Qazlal.
  4415 | D:4      | Reached XP level 5. HP: 22/39 MP: 0/8
  4770 | D:4      | Noticed a phantom
  4831 | D:4      | Killed a phantom
  4831 | D:4      | Reached XP level 6. HP: 30/46 MP: 2/10
  4845 | D:5      | Entered Level 5 of the Dungeon
  4888 | D:5      | Found a glowing drain.
  4913 | Sewer    | Entered a sewer
  5015 | Sewer    | Reached skill level 1 in Long Blades
  5036 | Sewer    | Reached skill level 1 in Fighting
  6023 | D:5      | Found a blossoming altar of Fedhas.
  6024 | D:5      | Noticed Grinder
  6044 | D:5      | HP: 1/47 [scorpion (6)]
  6044 | D:5      | Killed from afar by Grinder

Skill      XL: |  1  2  3  4  5  6 |
---------------+-------------------+-----
Stealth        | 2 3 |  3.0
Conjurations   | 5 |  5.6
Short Blades   | 1 |  1.8
Dodging        | 2 |  2.9
Spellcasting   | 3 |  3.2
Long Blades    | 2 |  2.0
Fighting       | 1 |  1.4
Maces & Flails | |  0.9
Hexes          | |  0.8

Action                   |  1- 3 |  4- 6 || total
-------------------------+-------+-------++-------
Melee: Unarmed           |    10 |       ||    10
       Mace              |    22 |       ||    22
       Short sword       |    21 |     6 ||    27
       Tailslap          |     2 |    20 ||    22
       Dagger            |       |     9 ||     9
       Falchion          |       |   115 ||   115
 Cast: Magic Dart        |    73 |   104 ||   177
       Dazzling Spray    |     1 |    14 ||    15
  Use: Scroll            |     4 |     9 ||    13
       Potion            |     2 |     9 ||    11
 Stab: Invisible         |       |     1 ||     1
  Eat: Ration            |     2 |     4 ||     6
       Chunk             |       |     2 ||     2
Armor: Skin              |    32 |    79 ||   111
Dodge: Dodged            |    76 |   185 ||   261
       Rpst.: Falchion   |       |    52 ||    52
